AoeStats
← Scaslan

Arena

508105024Analyzed
4v4 RM · 12d ago on Sep 20, 2026· 64m 35s· 8 players
Game mode
Random Map
Map size
Large (8 player)
Population
200
Speed
Normal
Resources
Standard
Victory
Conquest
Starting age
Dark Age
Ending age
Imperial Age
RankedLock teamsTeams togetherTeam positionsShared explorationLock speedFull tech treeHidden civsTurbo modeCheats
Victory
Defeat
🇦🇷 Byzantines · Argentina
1088
+15
🇦🇷 Ethiopians · Argentina
1055
+17
🇦🇷 Hindustanis · Argentina
1048
+17
🇦🇷 Franks · Argentina
931
+21
🇨🇱 Teutons · Chile
1105
-19
🇦🇷 Huns · Argentina
1083
-18
🇺🇾 Maya · Uruguay
1045
-17
🇹🇷 Mongols · Türkiye
1024
-16
Clayton
0:30 Loom
11:17 Feudal Age
13:04 Double-Bit Axe
15:58 Castle Age
13:47 Horse Collar
15:01 Arson
17:18 Eagle Warrior
19:56 Squires
21:22 Scale Mail Armor
22:35 Forging
28:18 Iron Casting
31:14 Pikeman
37:34 Elite Skirmisher
38:07 Fletching
38:48 Bodkin Arrow
38:57 Padded Archer Armor
mangolocoaoe2
5:47 Loom
8:29 Feudal Age
10:00 Fletching
19:53 Wheelbarrow
24:24 Castle Age
24:38 Double-Bit Axe
24:34 Horse Collar
25:32 Wheelbarrow
24:27 Pikeman
25:08 Squires
26:17 Forging
28:51 Iron Casting
28:13 Gambesons
33:30 Scale Mail Armor
34:24 Guard Tower
36:11 Bodkin Arrow
38:15 Heavy Plow
38:34 Bow Saw
40:35 Chain Mail Armor
46:34 Imperial Age
46:40 Halberdier
47:51 Plate Mail Armor
48:21 Blast Furnace
48:01 Conscription
49:42 Chemistry
51:00 Siege Engineers
51:51 Elite Teutonic Knight
55:54 Crenellations
BITCOIN_
9:46 Feudal Age
11:07 Horse Collar
11:17 Double-Bit Axe
12:20 Loom
18:20 Castle Age
16:49 Scale Barding Armor
17:02 Gold Mining
18:32 Wheelbarrow
18:33 Bloodlines
19:05 Forging
20:14 Town Watch
23:04 Iron Casting
24:50 Chain Barding Armor
30:54 Pikeman
32:36 Gold Shaft Mining
32:38 Squires
34:01 Scale Mail Armor
35:19 Chain Mail Armor
35:20 Heavy Plow
40:25 Fletching
42:00 Bow Saw
42:33 Elite Skirmisher
43:19 Thumb Ring
45:01 Hand Cart
49:01 Imperial Age
48:34 Masonry
49:58 Stone Mining
51:04 Padded Archer Armor
51:01 Bodkin Arrow
52:08 Blast Furnace
53:58 Leather Archer Armor
53:44 Bracer
54:59 Two-Man Saw
54:32 Halberdier
56:27 Town Patrol
61:23 Chemistry
60:45 Ballistics
Scaslan
8:42 Loom
14:46 Feudal Age
16:53 Double-Bit Axe
16:51 Horse Collar
20:06 Castle Age
18:32 Stone Mining
18:36 Gold Mining
21:53 Stone Shaft Mining
22:16 Wheelbarrow
21:55 Bow Saw
24:32 Heavy Plow
27:32 Gold Shaft Mining
28:18 Hand Cart
29:01 Padded Archer Armor
28:52 Fletching
30:33 Leather Archer Armor
30:13 Bodkin Arrow
30:41 Ballistics
36:03 Imperial Age
36:34 Elite Mangudai
37:36 Conscription
36:41 Capped Ram
39:05 Chemistry
38:04 Murder Holes
38:16 Town Watch
38:35 Bracer
39:24 Siege Ram
40:41 Bloodlines
40:47 Town Patrol
41:34 Drill
42:11 Husbandry
46:49 Scale Mail Armor
46:59 Forging
49:26 Pikeman
50:07 Squires
49:53 Arson
50:58 Chain Mail Armor
51:18 Iron Casting
51:06 Elite Skirmisher
54:37 Onager
56:40 Masonry
57:11 Hoardings
[PPP] BlackPanter
9:56 Feudal Age
10:14 Loom
13:43 Double-Bit Axe
19:06 Castle Age
19:22 Fletching
21:20 Wheelbarrow
24:35 Elite Skirmisher
27:34 Crossbowman
28:17 Padded Archer Armor
36:20 Imperial Age
36:10 Horse Collar
38:32 Chemistry
38:21 Leather Archer Armor
38:02 Bodkin Arrow
39:48 Gold Mining
41:56 Gold Shaft Mining
43:32 Ballistics
44:17 Ring Archer Armor
43:47 Bracer
53:45 Arbalester
56:53 Thumb Ring
60:30 Heavy Plow
63:55 Bow Saw
Pachegol
10:35 Feudal Age
15:12 Castle Age
14:00 Double-Bit Axe
14:17 Stone Mining
16:00 Town Watch
16:28 Bow Saw
16:11 Gold Mining
16:28 Loom
17:41 Horse Collar
20:38 Fletching
20:50 Padded Archer Armor
21:47 Crossbowman
23:27 Wheelbarrow
23:52 Bodkin Arrow
25:21 Leather Archer Armor
26:33 Gold Shaft Mining
29:45 Squires
31:09 Thumb Ring
32:05 Man-at-Arms
33:12 Hand Cart
33:34 Stone Shaft Mining
47:07 Imperial Age
48:35 Bracer
49:03 Arbalester
51:11 Ballistics
54:08 Ring Archer Armor
54:44 Chemistry
61:10 Heavy Plow
mariano34355
11:25 Feudal Age
12:21 Double-Bit Axe
17:28 Castle Age
16:39 Gold Mining
18:27 Forging
31:41 Gold Shaft Mining
32:26 Scale Barding Armor
42:32 Imperial Age
40:06 Scale Mail Armor
41:55 Chain Barding Armor
43:59 Cavalier
46:44 Iron Casting
46:45 Plate Barding Armor
50:28 Blast Furnace
60:52 Paladin
Kikelot
11:39 Feudal Age
16:04 Castle Age
15:21 Double-Bit Axe
17:03 Bloodlines
17:16 Forging
17:12 Scale Barding Armor
21:47 Chain Barding Armor
23:43 Husbandry
24:46 Gold Mining
24:37 Horse Collar
25:50 Loom
26:32 Bow Saw
26:58 Gold Shaft Mining
27:26 Iron Casting
28:57 Gold Shaft Mining
30:03 Stone Mining
32:40 Wheelbarrow
34:14 Heavy Plow
39:22 Imperial Age
39:31 Heavy Camel Rider
40:53 Plate Barding Armor
41:25 Blast Furnace
41:38 Conscription
46:21 Two-Man Saw
46:12 Imperial Camel Rider
48:58 Chemistry
48:11 Masonry
55:21 Grand Trunk Road
61:04 Hand Cart
61:51 Caravan
63:56 Stone Shaft Mining
64:27 Town Watch
Connection lost

Rejoining the realm…

Still unreachable

The connection could not be restored.

Session expired

The server has moved on; the page needs a fresh start.